 Dungeon Crawl Stone Soup version 0.21.1-1-g345015f (webtiles) character file.

552 Lapis the Firebug (level 7, 48/48 HPs)
             Began as a Demonspawn Fire Elementalist on Feb 7, 2018.
             Was an Initiate of Cheibriados.
             Got out of the dungeon alive.
             The game lasted 00:13:23 (6575 turns).

Lapis the Firebug (Demonspawn Fire Elementalist)    Turns: 6575, Time: 00:13:23

Health: 48/48      AC:  5    Str:  9    XL:     7   Next: 8%
Magic:  12/12      EV: 13    Int: 19    God:    Cheibriados [......]
Gold:   112        SH:  0    Dex: 15    Spells: 3/13 levels left

rFire    . . .     SeeInvis .   d - +0 short sword
rCold    . . .     Gourm    .   (no shield)
rNeg     . . .     Faith    .   a - +0 robe
rPois    .         Spirit   .   (no helmet)
rElec    .         Reflect  .   (no cloak)
rCorr    .         Harm     .   o - +0 pair of gloves
MR       .....                  (no boots)
Stlth    +++.......             (no amulet)
HPRegen  0.16/turn              (no ring)
MPRegen  0.13/turn              (no ring)

@: very slow
A: yellow scales 1, demonic guardian 2, nightstalker 1
a: Bend Time, Renounce Religion


You escaped.
You worshipped Cheibriados.
Cheibriados was noncommittal.
You were not hungry.

You visited 2 branches of the dungeon, and saw 6 of its levels.

You collected 112 gold pieces.

Inventory:

Hand Weapons
 d - a +0 short sword (weapon)
 r - a +0 whip of venom
Armour
 a - a +0 robe (worn)
 o - a +0 pair of gloves (worn)
Wands
 t - a wand of flame (33)
Scrolls
 k - 3 scrolls of identify
 l - a scroll of remove curse
 m - 2 scrolls of immolation
 n - a scroll of teleportation
 q - 2 scrolls of noise {unknown}
 s - a scroll of fear
Potions
 e - a potion of agility {unknown}
 f - a potion of curing
 g - a potion of haste
 h - a potion of cancellation {unknown}
 i - a potion of flight {unknown}
 j - a potion of degeneration {unknown}
 p - 2 potions of brilliance {unknown}
 u - a potion of resistance {unknown}
 v - a potion of invisibility {unknown}
 w - a potion of magic {unknown}
Books
 b - a book of Flames

   Spells                             Type                      Level
   a - Flame Tongue                   Conjuration/Fire             1
   b - Throw Flame                    Conjuration/Fire             2
   c - Conjure Flame                  Conjuration/Fire             3
   d - Inner Flame                    Hexes/Fire                   3
   e - Sticky Flame                   Conjuration/Fire             4
   f - Fireball                       Conjuration/Fire             5
Comestibles
 c - 3 rations


   Skills:
 - Level 1.0 Fighting
 + Level 3.1 Dodging
 - Level 1.7 Stealth
 + Level 3.7 Spellcasting
 * Level 4.1 Conjurations
 + Level 4.5 Fire Magic


You had 3 spell levels left.
You knew the following spells:

 Your Spells              Type           Power        Failure   Level  Hunger
a - Flame Tongue          Conj/Fire      ###..        2%          1    None
b - Throw Flame           Conj/Fire      ###...       3%          2    ##.....
c - Conjure Flame         Conj/Fire      ###.....     7%          3    ###....
d - Sticky Flame          Conj/Fire      ###.....     24%         4    ####...


Dungeon Overview and Level Annotations

Branches:
Dungeon (5/15)             Temple (1/1) D:4

Altars:
Ashenzari
Cheibriados
Dithmenos
Elyvilon
Gozag
Hepliaklqana
Makhleb
Nemelex Xobeh
Okawaru
Ru
Sif Muna
Vehumet
Wu Jian
Xom
Yredelemnul
Zin

Shops:
D:4 (


Innate Abilities, Weirdness & Mutations

You are partially covered in yellow scales. (AC +2)
A demonic guardian rushes to your aid.
You are slightly more attuned to the shadows.


Message History

Unknown command.
Saving game... please wait.
Welcome back, Lapis the Demonspawn Fire Elementalist.
Cheibriados says: Take it easy.
Press ? for a list of commands and other information.
There is an open door here.
There is a stone staircase leading up here.
You climb upwards.
There is a stone staircase leading down here.
You can't go up here!
There is an escape hatch in the ceiling here.
You see here a throwing net.
A mysterious force pulls you upwards. The hatch slams shut behind you.
There is a stone staircase leading up here.
You climb upwards.
There is a stone staircase leading down here.
There is an open door here.
There is a staircase leading out of the dungeon here.
Are you sure you want to leave the Dungeon?
This will make you lose the game!
You have escaped!

#.#############....####.........#
#.......#.................#.#†...
#.####...........................
#....#..#..................#)#.##
#.#......######....####....#.#.#
#.#..#...# #.................#
#........# #...########....####
..[....#.# #.#'# #.........
###..###.# #.#@# #........#
###......# #.#+#######.....##..
.....####### #...#..........###..
#####......##########..##.#.###..
#..###.##.............(.....#
#..#......#####...)#.##.####.
#.)#.#.#.>#####....#.##.# ##
#......#..##.....)......#
#......#.............####


There were no monsters in sight!

Vanquished Creatures
  A hound (D:4)
  An orc wizard (D:3)
  A bullfrog skeleton (D:4)
  Natasha (thrice) (D:4)
  A worker ant (D:4)
  3 gnolls
  9 adders
  A shadow imp (D:4)
  5 worms
  4 dart slugs
  4 leopard geckos
  7 orcs
  A ball python (D:3)
  8 bats
  3 giant cockroaches
  6 goblins
  10 hobgoblins
  2 jackals (D:2)
  2 quokkas
  8 frilled lizards
  9 kobolds
  5 rats
94 creatures vanquished.

Vanquished Creatures (collateral kills)
  The ghost of ceb the Skirmisher, an amateur HOFi of Beogh (D:3)
  2 orc priests (D:4)
  An orc wizard (D:4)
  An orc (D:4)
5 creatures vanquished.

Grand Total: 99 creatures vanquished

Notes
Turn   | Place    | Note
-------+----------+-------------------------------------------
     0 | D:1      | Lapis the Demonspawn Fire Elementalist began the quest for the Orb.
     0 | D:1      | Reached XP level 1. HP: 13/13 MP: 3/3
   338 | D:1      | Gained mutation: A weak demonic guardian rushes to your aid. [demonic ancestry]
   338 | D:1      | Reached XP level 2. HP: 19/19 MP: 1/5
   544 | D:1      | Learned a level 2 spell: Throw Flame
  1222 | D:2      | Reached XP level 3. HP: 15/24 MP: 2/6
  1227 | D:2      | Learned a level 3 spell: Conjure Flame
  2104 | D:2      | Gained mutation: You are slightly more attuned to the shadows. [demonic ancestry]
  2104 | D:2      | Reached XP level 4. HP: 30/30 MP: 5/7
  2456 | D:2      | Found a sparkling altar of Nemelex Xobeh.
  2551 | D:2      | Found a glowing silver altar of Zin.
  3085 | D:3      | Noticed ceb's ghost (amateur HOFi)
  3288 | D:3      | Gained mutation: You are partially covered in yellow scales. (AC +2) [demonic ancestry]
  3288 | D:3      | Reached XP level 5. HP: 24/36 MP: 3/9
  4161 | D:3      | HP: 1/36 [cloud of steam (21)]
  4566 | D:3      | Killed ceb's ghost
  4566 | D:3      | Gained mutation: A demonic guardian rushes to your aid. [demonic ancestry]
  4566 | D:3      | Reached XP level 6. HP: 18/42 MP: 5/10
  4994 | D:4      | Reached skill level 1 in Fighting
  5356 | D:4      | Learned a level 4 spell: Sticky Flame
  5486 | D:4      | Found a staircase to the Ecumenical Temple.
  5493 | Temple   | Entered the Ecumenical Temple
  5645 | Temple   | Became a worshipper of Cheibriados the Contemplative
  5695 | D:4      | Found Nipleil's Antique Weapon Boutique.
  5871 | D:4      | Noticed Natasha
  5878 | D:4      | Killed Natasha
  6078 | D:4      | Noticed Natasha
  6083 | D:4      | Killed Natasha
  6132 | D:4      | Found an opulent altar of Gozag.
  6185 | D:4      | Reached XP level 7. HP: 39/48 MP: 6/12
  6353 | D:5      | Entered Level 5 of the Dungeon
  6381 | D:4      | Noticed Natasha
  6386 | D:4      | Killed Natasha
  6575 | D:$      | Got out of the dungeon alive.

Skill      XL: |  1  2  3  4  5  6 |
---------------+-------------------+-----
Fire Magic     | 3 4 |  4.5
Dodging        | 2 3 |  3.1
Conjurations   | 2 3 4 |  4.1
Spellcasting   | 3 |  3.7
Fighting       | 1 |  1.0
Stealth        | |  1.7

Action                   |  1- 3 |  4- 6 |  7- 9 || total
-------------------------+-------+-------+-------++-------
Melee: Unarmed           |     9 |       |       ||     9
       Short sword       |    71 |    97 |       ||   168
 Cast: Flame Tongue      |    53 |   131 |     8 ||   192
       Conjure Flame     |       |     2 |       ||     2
       Throw Flame       |       |     1 |       ||     1
       Sticky Flame      |       |     1 |       ||     1
  Use: Scroll            |     4 |     3 |       ||     7
       Potion            |     1 |       |       ||     1
 Stab: Sleeping          |       |     5 |       ||     5
       Distracted        |       |     1 |       ||     1
  Eat: Chunk             |     4 |     8 |       ||    12
       Ration            |       |     2 |     1 ||     3
Armor: Robe              |    10 |    33 |     1 ||    44
Dodge: Dodged            |    65 |   109 |     1 ||   175
